 Dungeon Crawl Stone Soup version 0.18-a0-1778-gadce9fa (webtiles) character file.

19768 GrandHerb the Archer (level 12, 0/106 HPs)
             Began as a Centaur Hunter on Apr 16, 2016.
             Was an Elder of Qazlal.
             Killed by divine providence
             ... invoked by an orc priest
             ... led by an orc warlord
              (17 damage)
             ... on level 1 of the Orcish Mines.
             The game lasted 02:34:35 (18298 turns).

GrandHerb the Archer (Centaur Hunter)              Turns: 18298, Time: 02:34:36

Health: 0/106      AC: 18    Str: 11    XL:     12   Next: 39%
Magic:  18/18      EV: 12    Int: 10    God:    Qazlal [****..]
Gold:   626        SH:  5    Dex: 18    Spells: 0 memorised, 11 levels left

rFire  . . .     SeeInvis +     F - +3 trident (protect)
rCold  . . .     Gourm    .     Q - +0 troll leather armour
rNeg   . . .     Faith    .     (no shield)
rPois  +         Spirit   .     (no helmet)
rElec  .         Dismiss  +     I - +0 cloak of Peek-a-Boo {rPois Str-5 Slay+3}
rCorr  .         Reflect  .     G - +2 pair of gloves "Ischot" {Dex+4}
SustAt .         Harm     .     m - +0 centaur barding
MR     +....                    u - amulet of dismissal
Stlth  +.........               R - ring of protection from magic
                                x - ring of see invisible

@: repel missiles, very quick, somewhat resistant to hostile enchantments, very
unstealthy
A: hooves 3, deformed body, speed 2, tough skin 3
a: Upheaval, Elemental Force, Renounce Religion


You were on level 1 of the Orcish Mines.
You worshipped Qazlal.
Qazlal was greatly pleased with you.
You were not hungry.

You visited 4 branches of the dungeon, and saw 16 of its levels.

You collected 866 gold pieces.
You spent 240 gold pieces at shops.

Inventory:

Hand Weapons
 F - a +3 trident of protection (weapon)
 H - a +0 longbow
Armour
 m - a +0 centaur barding (worn)
 G - the +2 pair of gloves "Ischot" (worn) {Dex+4}
   (You found it on level 4 of the Dungeon)

   It affects your dexterity (+4).
 I - the +0 cloak of Peek-a-Boo (worn) {rPois Str-5 Slay+3}
   (You found it on level 11 of the Dungeon)

   It affects your strength (-5).
   It affects your accuracy and damage with ranged weapons and melee attacks
   (+3).
   It protects you from poison.
 Q - a +0 troll leather armour (worn)
Jewellery
 h - a +5 ring of strength
 u - an amulet of dismissal (around neck)
 x - a ring of see invisible (left hand)
 R - a ring of protection from magic (right hand)
Wands
 b - a wand of lightning (6/15)
 t - a wand of disintegration (19/24)
 M - a wand of digging (16/24)
 N - a wand of acid (9/15)
 Y - a wand of teleportation (3/9)
Scrolls
 d - a scroll of vulnerability {unknown}
 i - a scroll of magic mapping
 j - 3 scrolls of remove curse
 k - a scroll of enchant armour
 n - a scroll of amnesia
 p - 3 scrolls of enchant weapon
 r - 3 scrolls of immolation
 P - a scroll of recharging {unknown}
 W - a scroll of summoning {unknown}
Potions
 c - 2 potions of experience {unknown}
 e - 2 potions of cancellation
 o - 2 potions of berserk rage
 q - 2 potions of curing
 s - 2 potions of flight
 w - 3 potions of lignification {unknown}
 A - 3 potions of mutation {unknown}
 D - a potion of ambrosia {unknown}
 J - 2 potions of brilliance {unknown}
 K - 2 potions of haste {unknown}
 X - 2 potions of heal wounds {unknown}
 Z - a potion of invisibility {unknown}
Comestibles
 a - 10 chunks of flesh
 f - 5 bread rations
 g - 4 meat rations
 B - 2 slices of pizza
 E - 7 royal jellies
 O - 6 beef jerkies


   Skills:
 + Level 10.1 Fighting
 + Level 8.0 Polearms
 + Level 13.4 Bows
 - Level 2.0 Armour
 + Level 7.7 Dodging
 - Level 0.5 Stealth
 + Level 8.3 Invocations


You had 11 spell levels left.
You didn't know any spells.

Dungeon Overview and Level Annotations

Branches:
Dungeon (11/15)            Temple (1/1) D:5            Lair (2/8) D:10
    Orc (2/2) D:9
    Elf: Orc:2

Altars:
Ashenzari
Cheibriados
Dithmenos
Fedhas
Kikubaaqudgha
Makhleb
Okawaru
Pakellas
Qazlal
Ru
Sif Muna
Trog
Xom
Yredelemnul
Zin
The Shining One

Shops:
D:4 :   D:6 **   D:7 ?

Annotations:
Orc:1 Moloch's ghost, journeyman CeBe


Innate Abilities, Weirdness & Mutations

You have hooves in place of feet.
Armour fits poorly on your strangely shaped body.
You cover ground very quickly.
You have extremely tough skin (AC +3).


Message History

The orc wizard casts a spell.
The orc wizard seems to speed up.
Moloch's ghost barely misses you.
The warg is engulfed in freezing vapours.
The warg is engulfed in roaring flames.
The warg bites you.
* * * LOW HITPOINT WARNING * * *
The orc wizard gestures wildly while chanting.
The orc wizard blinks!
The warg is engulfed in roaring flames.
You kill the warg!
Qazlal accepts your kill.
You hear a shout!
The orc warlord roars a battlecry!
The orc goes into a battle-frenzy!
The orc warlord roars a battlecry!
The orc priest goes into a battle-frenzy!
The orc priest invokes the aid of Beogh against you.
Beogh smites you!
You die...

#..........................##
#.........#...o......o......##
#........#......o.......$....##
$......####........ooh.....$..#
#.##..# #.$......o.o..#§§...#
## ### #.....$..#o.§.#.....#
##...§.§§.o§.#..§..##
#....#..oo.h###....#
#....@.W.### ###...#
#.........# #.## ##.#..##.## ##
# ### ###


You could see an orc warlord, a warg, 4 orc warriors, an orc priest, 2 orc
wizards, Moloch's ghost and 3 orcs.

Vanquished Creatures
  2 hydras
  Erica (D:10)
  An unseen horror (D:11)
  Pikel (D:5)
  An ugly thing (D:11)
  2 hill giants
  A cyclops (D:11)
  A centaur zombie (D:11)
  Maurice (Orc:2)
  A gargoyle (D:11)
  5 spiny frogs
  3 trolls
  The ghost of 4thArraOfDagon the Chopper, an amateur HOBe of Trog (D:9)
  A queen bee (D:8)
  2 two-headed ogres
  9 blink frogs
  5 yaks (D:9)
  2 wraiths
  2 basilisks
  Grum (D:11)
  2 hungry ghosts
  2 hippogriffs
  4 wargs
  3 water moccasins
  6 sky beasts
  5 orc warriors
  A swamp drake (D:9)
  5 ice beasts
  3 slaves (D:5)
  An eye of draining (D:10)
  7 ogres
  3 phantoms
  A necrophage (D:11)
  4 wolves (D:11)
  4 centaurs
  A big kobold (D:8)
  2 crocodiles
  A gnoll sergeant (D:9)
  A giant frog (D:6)
  A wyvern skeleton (D:9)
  3 scorpions
  17 killer bees
  2 howler monkeys
  4 jellies
  7 crimson imps
  A giant frog zombie (D:5)
  3 hounds
  14 orc priests
  Crazy Yiuf (D:4)
  24 orc wizards
  A centaur skeleton (D:8)
  2 giant frog skeletons
  6 iguanas
  4 worker ants
  A sheep (Lair:1)
  A hound skeleton (D:8)
  3 worker ant zombies
  3 gnolls (D:9)
  11 adders
  6 river rats (Lair:2)
  3 shadow imps
  2 oozes
  An adder skeleton (D:4)
  A worm (D:2)
  A dart slug (D:1)
  3 giant geckos
  67 orcs
  A ball python (D:7)
  4 bats
  2 giant cockroaches
  7 goblins
  7 hobgoblins
  13 jackals
  11 kobolds
  2 quokkas
  A giant cockroach zombie (D:5)
  4 giant newts
  A jackal skeleton (D:4)
  8 rats
  2 butterflies (Lair:2)
  2 fungi (Lair:2)
357 creatures vanquished.

Vanquished Creatures (collateral kills)
  A warg (Orc:2)
  An orc warrior (Orc:2)
  A gnoll (D:9)
  An orc (Orc:2)
4 creatures vanquished.

Vanquished Creatures (others)
  A sky beast (D:10)
  An ogre (D:9)
  2 giant frogs (D:9)
  A hound skeleton (D:9)
5 creatures vanquished.

Grand Total: 366 creatures vanquished

Notes
Turn   | Place    | Note
--------------------------------------------------------------
     0 | D:1      | GrandHerb the Centaur Hunter began the quest for the Orb.
     0 | D:1      | Reached XP level 1. HP: 17/17 MP: 1/1
   192 | D:1      | Reached XP level 2. HP: 25/25 MP: 2/2
   831 | D:2      | Reached XP level 3. HP: 30/30 MP: 3/3
   892 | D:2      | Found an iron altar of Okawaru.
  1152 | D:2      | Reached skill level 6 in Bows
  1163 | D:2      | Found a stormy altar of Qazlal.
  1188 | D:2      | Became a worshipper of Qazlal Stormbringer
  1529 | D:3      | Reached skill level 1 in Armour
  1529 | D:3      | Reached XP level 4. HP: 17/38 MP: 4/4
  1727 | D:3      | Noticed a phantom
  1785 | D:3      | Killed a phantom
  1785 | D:3      | Reached XP level 5. HP: 21/45 MP: 5/5
  2209 | D:3      | Found a glowing golden altar of the Shining One.
  2591 | D:4      | Found Nesarph's Book Shoppe.
  2609 | D:4      | Noticed an ogre
  3036 | D:3      | Reached XP level 6. HP: 38/52 MP: 6/6
  3456 | D:4      | Found a shattered altar of Ashenzari.
  3551 | D:4      | Got a pair of heavily runed gloves
  3558 | D:4      | Identified the +2 pair of gloves "Ischot" {Dex+4} (You found it on level 4 of the Dungeon)
  3593 | D:4      | Found a blossoming altar of Fedhas.
  3693 | D:4      | Noticed Crazy Yiuf
  3699 | D:4      | Killed Crazy Yiuf
  3868 | D:4      | Reached skill level 7 in Bows
  4012 | D:5      | Entered Level 5 of the Dungeon
  4032 | D:5      | Reached XP level 7. HP: 54/59 MP: 7/7
  4216 | D:5      | Found a staircase to the Ecumenical Temple.
  4227 | Temple   | Entered the Ecumenical Temple
  4324 | D:5      | Reached * piety under Qazlal
  4469 | D:5      | Reached skill level 1 in Polearms
  4631 | D:5      | Noticed Pikel
  4943 | D:5      | Killed Pikel
  4943 | D:5      | Reached skill level 5 in Fighting
  4943 | D:5      | Reached skill level 8 in Bows
  4943 | D:5      | Reached XP level 8. HP: 47/68 MP: 8/8
  5275 | D:5      | Reached skill level 9 in Bows
  5647 | D:6      | Found Alory's Assorted Antiques.
  6109 | D:6      | Found an oddly glowing altar of Pakellas.
  6278 | D:6      | Reached XP level 9. HP: 57/75 MP: 9/9
  6462 | D:6      | Reached ** piety under Qazlal
  6512 | D:6      | Found Rogg's Serpentskin Sales.
  6752 | D:7      | Reached skill level 1 in Invocations
  6938 | D:7      | Found Faoqok's Magic Scroll Emporium.
  6948 | D:7      | Bought a scroll of blinking for 120 gold pieces
  6948 | D:7      | Bought a scroll of identify for 32 gold pieces
  6948 | D:7      | Bought a scroll of fear for 56 gold pieces
  6948 | D:7      | Bought a scroll of identify for 32 gold pieces
  7063 | D:7      | Reached skill level 5 in Dodging
  7109 | D:7      | Reached skill level 10 in Bows
  7238 | D:7      | Found an ancient bone altar of Kikubaaqudgha.
  7931 | D:8      | Found a sacrificial altar of Ru.
  8379 | D:8      | Noticed a queen bee
  8416 | D:8      | Reached skill level 5 in Polearms
  8928 | D:8      | Killed a queen bee
  8928 | D:8      | Reached XP level 10. HP: 86/86 MP: 12/12
  9144 | D:8      | Reached *** piety under Qazlal
  9273 | D:8      | Noticed Erica
  9909 | D:9      | Found a shimmering altar of Xom.
  9923 | D:9      | Noticed 4thArraOfDagon's ghost (amateur HOBe)
 10293 | D:9      | Reached skill level 11 in Bows
 10311 | D:9      | Found a staircase to the Orcish Mines.
 10978 | D:9      | Found a burning altar of Makhleb.
 11249 | D:9      | Reached skill level 5 in Invocations
 11471 | D:9      | Killed 4thArraOfDagon's ghost
 11514 | D:10     | Entered Level 10 of the Dungeon
 11543 | Orc:1    | Entered Level 1 of the Orcish Mines
 11543 | Orc:1    | Noticed Moloch's ghost (journeyman CeBe)
 12515 | D:10     | Found a staircase to the Lair.
 12941 | D:10     | Noticed a hill giant
 12968 | D:10     | Killed a hill giant
 12968 | D:10     | Reached XP level 11. HP: 81/95 MP: 9/15
 13621 | D:11     | Noticed Grum
 13670 | D:11     | Killed Grum
 13797 | D:11     | Noticed an unseen horror
 13813 | D:11     | Killed an unseen horror
 13813 | D:11     | Reached skill level 12 in Bows
 13939 | D:11     | Noticed a hill giant
 13990 | D:11     | Killed a hill giant
 14253 | D:10     | Killed Erica
 14383 | D:11     | Noticed a cyan ugly thing
 14411 | D:11     | Killed a cyan ugly thing
 14827 | D:11     | Got a fine cloak
 14838 | D:11     | Identified the +0 cloak of Peek-a-Boo {rPois Str-5 Slay+3} (You found it on level 11 of the Dungeon)
 15167 | Lair:1   | Entered Level 1 of the Lair of Beasts
 16028 | D:10     | Noticed a four-headed hydra
 16042 | D:10     | Killed a four-headed hydra
 16042 | D:10     | Reached XP level 12. HP: 27/106 MP: 17/17
 16637 | Lair:2   | Reached skill level 13 in Bows
 17358 | Lair:2   | Noticed a seven-headed hydra
 17362 | Lair:2   | Killed a seven-headed hydra
 17713 | D:9      | Reached **** piety under Qazlal
 18079 | Orc:1    | Reached skill level 10 in Fighting
 18117 | Orc:1    | Noticed an orc warlord
 18135 | Orc:2    | Entered Level 2 of the Orcish Mines
 18149 | Orc:2    | Noticed Maurice
 18160 | Orc:2    | Killed Maurice
 18272 | Orc:2    | Noticed an orc high priest
 18298 | Orc:1    | Killed from afar by an orc priest

Vault maps used:
D:1:      dpeg_arrival_windows_large_door
D:2:      kennysheep_okawaru_gauntlet, grunt_qazlal_sundering
D:3:      nicolae_tso_swordbearing_angel, first_bread
D:4:      evilmike_ruin_ashenzari, overflow_temple_1_default, serial_shops,
          shop, uniq_crazy_yiuf_cottage
D:5:      temple_pool_b, uniq_pikel
D:6:      nicolae_overflow_crystal_walls, serial_shops, nicolae_shop_stone,
          guppyfry_shop_venom
D:7:      kiku_gazebo_garden_becter, serial_shops, shop
D:8:      nicolae_ru_awakened_eye, david_nohive_1, corexii_leaking_fountain,
          hangedman_abyss_or_decor_slice, uniq_erica
D:9:      makhleb_heckhound_becter, erik_orc_1, xom_confusion_cloud
D:10:     lair_0_dummy
D:11:     uniq_grum
Temple:   circular_temple_12
Lair:1:   st_stairs_3, infiniplex_staircase_pool
Lair:2:   lemuel_fruit_fields
Orc:2:    st_orc_town, mines_bat_river, uniq_rupert, uniq_maurice

Skill      XL: |  1  2  3  4  5  6  7  8  9 10 11 12 |
---------------+-------------------------------------+-----
Bows           | 6 7 8 9 10 11 12 13 | 13.4
Fighting       | 3 4 5 6 7 8 9 10 | 10.1
Armour         | 1 2 |  2.0
Dodging        | 2 3 4 5 6 7 |  7.7
Polearms       | 2 3 5 6 7 8 |  8.0
Invocations    | 3 5 7 8 |  8.3
Stealth        | |  0.5

Action                   |  1- 3 |  4- 6 |  7- 9 | 10-12 || total
-------------------------+-------+-------+-------+-------++-------
Melee: Short sword       |    45 |    10 |       |       ||    55
       Kick              |     8 |     1 |    48 |   174 ||   231
       Trident           |       |       |   126 |   569 ||   695
       Shortbow          |       |       |       |     1 ||     1
 Fire: Shortbow          |   110 |   118 |   389 |   360 ||   977
       Longbow           |       |       |       |   115 ||   115
Invok: Upheaval          |       |       |     1 |     2 ||     3
       Elemental Force   |       |       |       |     6 ||     6
  Use: Scroll            |       |     1 |    11 |     9 ||    21
       Potion            |       |       |     3 |     2 ||     5
 Stab: Sleeping          |       |       |     1 |       ||     1
  Eat: Chunk             |     1 |     1 |    10 |    19 ||    31
       Meat ration       |       |     1 |       |       ||     1
       Fruit             |       |       |       |     5 ||     5
       Pizza             |       |       |       |     2 ||     2
Armor: Leather armour    |    42 |    32 |   101 |       ||   175
       Robe              |       |       |    35 |    87 ||   122
       Troll hide        |       |       |       |   104 ||   104
       Troll leather arm |       |       |       |    40 ||    40
Dodge: Dodged            |    30 |    24 |   151 |   299 ||   504
       Deflected         |       |       |       |     1 ||     1
Block: Other             |       |       |    26 |    70 ||    96
